 Dungeon Crawl Stone Soup version 0.31-a0-175-g9f7f995f2b (webtiles) character file.

Game seed: 1597227178464802140

371 qw the Shooter (level 6, -1/39 HPs)
             Began as a Gargoyle Hunter on June 16, 2023.
             Killed by divine providence
             ... invoked by an orc priest
              (11 damage)
             ... on level 4 of the Dungeon.
             The game lasted 00:01:17 (3007 turns).

qw the Shooter (Gargoyle Hunter)                    Turns: 3007, Time: 00:01:18

Health: -1/39      AC:  9    Str: 15    XL:     6   Next: 71%
Magic:  6/6        EV: 11    Int:  9    God:
Gold:   107        SH:  0    Dex: 15    Spells: 5/5 levels left

rFire   . . .        Y - +1 orcbow
rCold   . . .        (shield currently unavailable)
rNeg    + . .        g - +0 ring mail
rPois   inf          (no helmet)
rElec   +            (no cloak)
rCorr   .            (no gloves)
SInv    .            (no boots)
Will    .....        (no amulet)
Stlth   +            (no ring)
HPRegen 0.26/turn    (no ring)
MPRegen 0.10/turn

%: no passive effects
@: no status effects
A: sickness immunity, AC +4, negative energy resistance 1, electricity
resistance, torment resistance 1, petrification resistance
a: no special abilities


You were on level 4 of the Dungeon.
You visited 1 branch of the dungeon, and saw 4 of its levels.

You collected 107 gold pieces.


Innate Abilities, Weirdness & Mutations

You are immune to sickness and miasma.
Your stone body is resilient. (AC +4)
You are immune to poison.
You resist negative energy. (rN+)
You are resistant to electric shocks. (rElec)
You are resistant to unholy torment.
You are immune to petrification.


   Skills:
 - Level 4.4 Fighting
 + Level 6.7 Ranged Weapons
 - Level 1.3 Armour
 - Level 1.5 Dodging
 - Level 1.1 Stealth


You had 5 spell levels left.
You didn't know any spells.
Your spell library was empty.

Inventory:

Hand Weapons
 Y - a +1 orcbow (weapon)
Armour
 g - a +0 ring mail (worn)
Scrolls
 a - a scroll of identify
Potions
 b - a potion of haste {unknown}
 c - a potion of mutation {unknown}
 d - 4 potions of curing
 e - a potion of heal wounds
 f - 2 potions of might {unknown}
 j - a potion of lignification {unknown}

Dungeon Overview and Level Annotations

Branches:
Dungeon (4/15)
 Temple: D:4-7

Altars:
Cheibriados
Dithmenos
Fedhas
Vehumet


Message History

Enter note:
Enter note:
Enter note: You shoot an arrow.
The arrow hits the hobgoblin!
You kill the hobgoblin!
You shoot an arrow. The arrow closely misses the orc.
You shoot an arrow. The arrow barely misses the orc.
The arrow hits the orc.
The orc is heavily wounded.
The orc priest invokes the aid of Beogh against you.
Beogh smites you!
You shoot an arrow. The arrow hits the orc!
You kill the orc!
The orc hits you from afar with a +0 trident.
You shoot an arrow. The arrow barely misses the orc.
The orc priest calls upon Beogh to heal the orc.
The orc's wounds heal themselves!
The orc closely misses you.
You shoot an arrow. The arrow closely misses the orc.
The orc misses you.
You shoot an arrow. The arrow hits the orc.
The orc is severely wounded.
The orc barely misses you. The orc hits you with a +0 mace.
The orc closely misses you.
The orc hits you from afar with a +0 trident.
You shoot an arrow. The arrow hits the orc.
You kill the orc!
The orc hits you from afar with a +0 trident.
You shoot an arrow. The arrow hits the orc priest.
The orc priest is lightly wounded.
The orc priest invokes the aid of Beogh against you.
You barely resist.
The orc hits you from afar with a +0 trident.
You shoot an arrow. The arrow hits the orc priest.
The orc priest is heavily wounded.
The orc priest barely misses you.
The orc hits you from afar with a +0 trident.
You shoot an arrow. The arrow hits the orc priest.
The orc priest is severely wounded.
The orc priest mumbles some strange prayers to Beogh against you.
Beogh smites you!
You die...

......##########............#...#
......# ##+###.......#...#
......# #.......#...# ....
#.......#...# .... #.......#...'
.... ##+###.......##### ..).
#................o ....
#...######..o..#'#####..... ....
#........#@o.$.#.....'..... ....
+........+.....#.....#..... ....
#.(......#.....#.....#..... ....
#........#.....#<....###### ....
#........#.....#.....# + ....
#........#.....#.....# # >...
#.<......#.....#.....# ....
#...##...#...........+ ....
######%..##


You could see an orc priest and an orc.

Vanquished Creatures
  A phantom (D:3)
  A scorpion (D:4)
  A sleepcap (D:4)
  An iguana (D:4)
  Terence (D:3)
  3 gnolls
  4 adders
  3 worms (D:3)
  3 dart slugs (D:2)
  9 orcs
  3 endoplasms
  2 giant cockroaches
  5 hobgoblins
  A jackal (D:1)
  5 quokkas
  6 ball pythons
  6 bats
  4 frilled lizards
  6 goblins
  5 kobolds
  8 rats
78 creatures vanquished.

Notes
Turn   | Place    | Note
-------+----------+-------------------------------------------
     0 | D:1      | qw the Gargoyle Hunter began the quest for the Orb.
     0 | D:1      | Reached XP level 1. HP: 12/12 MP: 1/1
     0 | D:1      | 0 ||| qw: Version: 0.2-a-29-g511e9b1
     0 | D:1      | 0 ||| qw: Game counter: 5934
     0 | D:1      | 0 ||| qw: Always use a shield: true
     0 | D:1      | 0 ||| qw: God list: Okawaru
     0 | D:1      | 0 ||| qw: Allow faded altars: false
     0 | D:1      | 0 ||| qw: Do Orc after D:15 true
     0 | D:1      | 0 ||| qw: Do second Lair branch before Depths: true
     0 | D:1      | 0 ||| qw: Lair rune preference: random
     0 | D:1      | 0 ||| qw: Plans: Normal, Zot:1-4, Slime:5, God:TSO, Crypt,
                  | Tomb, Abyss, Pan, Hells, Win
     0 | D:1      | 0 ||| PLANNING D:1-11
   290 | D:1      | Reached XP level 2. HP: 17/17 MP: 2/2
   710 | D:1      | 710 ||| READING scroll labelled OGRUOTS ORATY.
   711 | D:1      | 711 ||| READING scroll labelled OTEVVO SOILEFF.
   712 | D:1      | 712 ||| READING 3 scrolls labelled YGUYSU QEI.
   713 | D:1      | 713 ||| READING scroll labelled UCOUHE JOEWKAG.
   714 | D:1      | 714 ||| READING scroll labelled TOLOF OPTU.
   715 | D:1      | 715 ||| READING scroll labelled WUOLOZXOOZ.
   720 | D:1      | 720 ||| DROPPING scroll of butterflies.
   721 | D:1      | 721 ||| DROPPING 2 scrolls of revelation.
   914 | D:2      | Reached XP level 3. HP: 21/21 MP: 3/3
   972 | D:2      | Reached skill level 5 in Ranged Weapons
  1107 | D:2      | Found a radiant altar of Vehumet.
  1187 | D:2      | Reached skill level 3 in Fighting
  1223 | D:2      | Reached XP level 4. HP: 28/28 MP: 4/4
  1415 | D:2      | 1415 ||| UPGRADING to +0 orcbow.
  1416 | D:2      | 1416 ||| DROPPING +0 shortbow.
  1733 | D:2      | 1733 ||| UPGRADING to +0 ring mail.
  1743 | D:2      | 1743 ||| DROPPING +0 leather armour.
  1744 | D:2      | 1744 ||| READING scroll labelled ONORGHE TIARA.
  1745 | D:2      | 1745 ||| READING scroll labelled QYZXEF QOUCYAS.
  1746 | D:2      | 1746 ||| DRINKING 2 blue potions.
  1851 | D:2      | 1851 ||| DRINKING 3 fizzy silvery potions.
  1852 | D:2      | 1852 ||| DRINKING 2 orange potions.
  1853 | D:2      | 1853 ||| READING 3 scrolls of identify.
  1853 | D:2      | 1853 ||| IDENTIFYING golden potion
  1854 | D:2      | 1854 ||| READING 2 scrolls of identify.
  1854 | D:2      | 1854 ||| IDENTIFYING silvery potion
  1855 | D:2      | 1855 ||| DROPPING potion of berserk rage.
  1856 | D:2      | 1856 ||| DROPPING potion of brilliance.
  1857 | D:2      | 1857 ||| DROPPING potion of degeneration.
  1913 | D:3      | 1913 ||| STAIRDANCE
  1917 | D:2      | Reached skill level 1 in Armour
  1919 | D:2      | HP: 6/28 [gnoll/+0 club (7)]
  1920 | D:2      | 1920 ||| DRINKING potion of heal wounds.
  2060 | D:3      | Found a shadowy altar of Dithmenos.
  2096 | D:3      | Noticed Terence
  2111 | D:3      | Killed Terence
  2112 | D:3      | Reached XP level 5. HP: 15/32 MP: 5/5
  2298 | D:3      | Noticed a phantom
  2308 | D:3      | Found a blossoming altar of Fedhas.
  2317 | D:3      | Killed a phantom
  2318 | D:3      | Reached skill level 6 in Ranged Weapons
  2390 | D:3      | 2390 ||| READING scroll labelled UCWAGA FUD POG.
  2391 | D:3      | 2391 ||| READING 2 scrolls of identify.
  2391 | D:3      | 2391 ||| IDENTIFYING bubbling clear potion
  2392 | D:3      | 2392 ||| DROPPING potion of ambrosia.
  2418 | D:3      | 2418 ||| STAIRDANCE
  2474 | D:3      | Reached XP level 6. HP: 37/37 MP: 6/6
  2782 | D:4      | Found a snail-covered altar of Cheibriados.
  2974 | D:4      | 2974 ||| FLEEEEING.
  2975 | D:4      | 2975 ||| FLEEEEING.
  2976 | D:4      | 2976 ||| FLEEEEING.
  2977 | D:4      | 2977 ||| FLEEEEING.
  2978 | D:4      | 2978 ||| FLEEEEING.
  2979 | D:4      | 2979 ||| FLEEEEING.
  2980 | D:4      | 2980 ||| FLEEEEING.
  2981 | D:4      | 2981 ||| FLEEEEING.
  2982 | D:4      | 2982 ||| FLEEEEING.
  2983 | D:4      | 2983 ||| FLEEEEING.
  2984 | D:4      | 2984 ||| FLEEEEING.
  2985 | D:4      | 2985 ||| FLEEEEING.
  2986 | D:4      | 2986 ||| FLEEEEING.
  2987 | D:4      | 2987 ||| FLEEEEING.
  2988 | D:4      | 2988 ||| FLEEEEING.
  2989 | D:4      | 2989 ||| FLEEEEING.
  2990 | D:4      | 2990 ||| FLEEEEING.
  2991 | D:4      | 2991 ||| FLEEEEING.
  2992 | D:4      | 2992 ||| FLEEEEING.
  2993 | D:4      | 2993 ||| FLEEEEING.
  2994 | D:4      | 2994 ||| FLEEEEING.
  2995 | D:4      | 2995 ||| FLEEEEING.
  2996 | D:4      | 2996 ||| FLEEEEING.
  3007 | D:4      | Killed from afar by an orc priest

Levels and vault maps discovered:
D:1:      elethiomel_arrival_infinity_welcomes_careful_drivers,
          layout_loops_cross, minmay_tripent
D:2:      layout_basic, basic_altar
D:3:      layout_loops_ring, lemuel_tele_altar,
          mainiacjoe_overflow_concentric_impassable, uniq_terence
D:4:      layout_gridville, kennysheep_mini_moat, minmay_temple_entry_oklob

Skill      XL: |  1  2  3  4  5  6 |
---------------+-------------------+-----
Ranged Weapons | 5 6 |  6.7
Fighting       | 3 4 |  4.4
Armour         | 1 |  1.3
Dodging        | |  1.5
Stealth        | |  1.1

Action                     |  1- 3 |  4- 6 || total
---------------------------+-------+-------++-------
   Fire: Shortbow          |    83 |     1 ||    84
         Orcbow            |       |   166 ||   166
    Use: Scroll            |     6 |     6 ||    12
         Potion            |       |     4 ||     4
 Armour: Leather armour    |    15 |       ||    15
         Ring mail         |       |    22 ||    22
  Dodge: Dodged            |    19 |    37 ||    56

Table legend:
 A = Non-vault XP
 B = Vault XP
 C = Vault XP percentage of total XP
 D = Non-vault monster count
 E = Vault monster count
 F = Vault count percentage of total count
                 A         B        C        D         E       F
            +---------+---------+-------+---------+---------+-------
      Total |     496 |      35 |   6.6 |      75 |       3 |   3.8
            +---------+---------+-------+---------+---------+-------
        D:1 |      21 |       3 |  12.5 |      15 |       2 |  11.8
        D:2 |      96 |       0 |   0.0 |      23 |       0 |   0.0
        D:3 |     168 |      32 |  16.0 |      15 |       1 |   6.2
        D:4 |     211 |       0 |   0.0 |      22 |       0 |   0.0
            +---------+---------+-------+---------+---------+-------
